 Dungeon Crawl Stone Soup version 0.29.1-15-g9cfb28693d (webtiles) character file.

Game seed: 17654504269964726052

156 Peloso the Trooper (level 5, -2/47 HPs)
             Began as a Minotaur Fighter on Apr 29, 2023.
             Killed by divine providence
             ... invoked by an orc priest
              (16 damage)
             ... on level 4 of the Dungeon.
             The game lasted 00:03:07 (2418 turns).

Peloso the Trooper (Minotaur Fighter)               Turns: 2418, Time: 00:03:07

Health: -2/47      AC:  7    Str: 18    XL:     5   Next: 15%
Magic:  4/4        EV:  9    Int:  7    God:
Gold:   204        SH:  5    Dex: 18    Spells: 4/4 levels left

rFire   . . .      SeeInvis .   a - +0 long sword
rCold   . . .      Faith    .   c - +0 buckler
rNeg    . . .      Spirit   .   b - +0 scale mail
rPois   .          Reflect  .   (helmet restricted)
rElec   .          Harm     .   (no cloak)
rCorr   .          Rampage  .   (no gloves)
Will    .....                   (no boots)
Stlth   ..........              (no amulet)
HPRegen 0.15/turn               (no ring)
MPRegen 0.09/turn               (no ring)

@: no status effects
A: horns 2, retaliatory headbutt, agile 2, clever 1
a: no special abilities


You were on level 4 of the Dungeon.
You visited 1 branch of the dungeon, and saw 4 of its levels.

You collected 204 gold pieces.

Inventory:

Hand Weapons
 a - a +0 long sword (weapon)
Armour
 b - a +0 scale mail (worn)
 c - a +0 buckler (worn)
Jewellery
 p - a ring of willpower
Scrolls
 g - a scroll of magic mapping {unknown}
 j - a scroll of poison {unknown}
 k - a scroll of fog {unknown}
 l - a scroll of teleportation
 r - a scroll of enchant armour {unknown}
Potions
 d - a potion of might
 e - 3 potions of mutation
 f - 3 potions of curing
 h - 2 potions of flight
 i - a potion of haste {unknown}
 n - a potion of degeneration {unknown}
 o - 2 potions of heal wounds {unknown}
 q - 3 potions of invisibility {unknown}
 s - a potion of brilliance {unknown}


   Skills:
 + Level 4.8 Fighting
 + Level 4.2 Long Blades
 + Level 4.7 Armour
 + Level 0.6 Dodging
 + Level 4.0 Shields


You had 4 spell levels left.
You didn't know any spells.
Your spell library contained the following spells:

 Spells                   Type           Power      Damage    Failure   Level
 Malign Gateway           Summ/Tloc      0%         N/A       100%        7
 Summon Horrible Things   Summ           0%         N/A       100%        8


Dungeon Overview and Level Annotations

Branches:
Dungeon (4/15)
 Temple: D:4-7

Altars:

Shops:
D:1 *


Innate Abilities, Weirdness & Mutations

You have a pair of horns on your head.
You reflexively headbutt those who attack you in melee.
You are very agile. (Dex +8, Str/Int -2)
Your mind is acute. (Int +4, Str/Dex -1)


Message History

The orc wizard draws strength from your wounds!
You hit the orc wizard.
The orc wizard is severely wounded.
You block the orc wizard's attack.
The orc wizard hits you with a +1 vampiric dagger.
The orc wizard draws strength from your wounds!
You hit the orc wizard but do no damage.
The orc wizard is heavily wounded.
The orc wizard hits you with a +1 vampiric dagger.
The orc wizard draws strength from your wounds!
You barely miss the orc wizard. Your headbutt misses the orc wizard.
The orc wizard is moderately wounded.
The orc wizard hits you with a +1 vampiric dagger.
The orc wizard draws strength from your wounds!
You barely miss the orc wizard. Your headbutt misses the orc wizard.
The orc wizard is moderately wounded.
The orc priest looks braver for a moment.
The orc wizard hits you with a +1 vampiric dagger.
You hit the orc wizard. You headbutt the orc wizard.
You kill the orc wizard!
The orc priest invokes the aid of Beogh against you.
Beogh smites you!
* * * LOW HITPOINT WARNING * * *
The orc closely misses you.
You have reached level 5!
You hit the orc.
The orc is severely wounded.
You block the orc's attack.
Unknown command.
You hit the orc.
You kill the orc!
Unknown command.
You slash the orc!
You kill the orc!
Unknown command.
You barely miss the phantom. You headbutt the phantom!
The phantom is moderately damaged.
The orc priest mumbles some strange prayers to Beogh against you.
Beogh smites you!
You die...

#. .## ... #.# ..#
#.# #.# #.# #o#
#.# #.# #.# #W#
#.# #@# ##.# #.#
#..#
#.#############.##
#............>....
###############.##
#.## #... ####


You could see a phantom and an orc priest.

Vanquished Creatures
  Jessica (D:2)
  An orc wizard (D:4)
  4 adders
  A dart slug (D:1)
  3 orcs (D:4)
  5 ball pythons
  3 endoplasms
  2 giant cockroaches (D:1)
  4 goblins
  8 hobgoblins
  11 jackals
  A kobold (D:3)
  4 quokkas
  2 bats
  4 frilled lizards (D:1)
  5 rats
59 creatures vanquished.

Notes
Turn   | Place    | Note
-------+----------+-------------------------------------------
     0 | D:1      | Peloso the Minotaur Fighter began the quest for the Orb.
     0 | D:1      | Reached XP level 1. HP: 19/19 MP: 0/0
    18 | D:1      | Found Fasaumepp's General Store.
    64 | D:1      | Reached XP level 2. HP: 24/27 MP: 1/1
   447 | D:1      | Reached XP level 3. HP: 33/33 MP: 2/2
   925 | D:2      | Noticed Jessica
   932 | D:2      | Killed Jessica
   933 | D:2      | Reached XP level 4. HP: 32/41 MP: 3/3
  1409 | D:2      | Gained mutation: You are agile. (Dex +4, Str/Int -1)
                  | [potion of mutation]
  1409 | D:2      | Gained mutation: Your mind is acute. (Int +4, Str/Dex -1)
                  | [potion of mutation]
  1409 | D:2      | Gained mutation: You are very agile. (Dex +8, Str/Int -2)
                  | [potion of mutation]
  1889 | D:3      | Found a faded altar of an unknown god.
  2399 | D:4      | Noticed a phantom
  2415 | D:4      | Reached XP level 5. HP: 13/47 MP: 4/4
  2418 | D:4      | Killed from afar by an orc priest

Illustrated notes

Levels and vault maps discovered:
D:1:      pf_arrival_petrified_forest, layout_rooms, serial_shops,
          nicolae_square_shop
D:2:      layout_loops_ring, uniq_jessica
D:3:      layout_basic, hellmonk_ecumenical_altar_zigzags
D:4:      layout_loops_ring, amcnicky_altar_gilded,
          minmay_temple_entry_proselytizer, gammafunk_ghost_icy

Skill      XL: |  1  2  3  4 |
---------------+-------------+-----
Armour         | 4 |  4.7
Long Blades    | 3 4 |  4.2
Shields        | 4 |  4.0
Fighting       | 4 |  4.8
Dodging        | |  0.6

Action                   |  1- 3 |  4- 6 || total
-------------------------+-------+-------++-------
Melee: Long sword        |    73 |    56 ||   129
       Headbutt          |     7 |     6 ||    13
  Use: Scroll            |       |     4 ||     4
       Potion            |       |     1 ||     1
Armor: Scale mail        |    37 |    20 ||    57
Dodge: Dodged            |    35 |    20 ||    55
Block: Buckler           |    20 |     8 ||    28
